TOP OF THE 1ST |
Hagerstown Suns batting - Pitching for Augusta GreenJackets : LHP Travis Stichter
|
Pitching: LHP Travis Stichter
|
|
Batting: RHB Pat Drader
|
0-0: Ball 1-0: Ball 2-0: Ball 3-0: Swinging Strike 3-1: Fly out, F9 (Flyball, 89S, EV 90.0 MPH)
|
Batting: RHB Jon Metzler
|
0-0: TRIPLE (Line Drive, 78XD, EV 101.9 MPH)
|
Batting: RHB Kevin Wick
|
0-0: Called Strike 0-1: SINGLE (Groundball, 6MD, EV 106.3 MPH) (infield hit) Jon Metzler scores
|
Batting: RHB Josh Courtney
|
0-0: Called Strike 0-1: Ball 1-1: Swinging Strike 1-2: Foul Ball, location: 2F 1-2: Ball 2-2: Strikes out looking
|
Batting: LHB Yoshiya Kurokawa
|
0-0: Ball 1-0: Called Strike 1-1: Ball 2-1: Ball 3-1: Foul Ball, location: 2F 3-2: Ground out U3 (Groundball, 3L, EV 108.1 MPH)
|
Top of the 1st over - 1 run, 2 hits, 0 errors, 1 left on base; Hagerstown 1 - Augusta 0 |
BOTTOM OF THE 1ST |
Augusta GreenJackets batting - Pitching for Hagerstown Suns : RHP Jason Beck
|
Pitching: RHP Jason Beck
|
|
Batting: RHB Mike Buchanan
|
0-0: Called Strike 0-1: Ground out 5-3 (Groundball, 56S, EV 79.4 MPH)
|
Batting: RHB Ian Richardson
|
0-0: Fly out, F3 (Line Drive, 3, EV 70.6 MPH)
|
Batting: LHB Kevin Kantor
|
0-0: Ball 1-0: Ball 2-0: Called Strike 2-1: Ball 3-1: Base on Balls
|
Batting: LHB Gabe Velez
|
0-0: Ball Kevin Kantor steals 2nd base 1-0: Called Strike 1-1: Ball 2-1: SINGLE (Groundball, 3D, EV 94.4 MPH) Kevin Kantor to third Runner from 3rd tries for Home, throw by RF and OUT! 9-2
|
Bottom of the 1st over - 0 runs, 1 hit, 0 errors, 1 left on base; Hagerstown 1 - Augusta 0 |
TOP OF THE 2ND |
Hagerstown Suns batting - Pitching for Augusta GreenJackets : LHP Travis Stichter
|
Batting: RHB Joe Young
|
0-0: Foul Ball, location: 2F 0-1: Foul Ball, location: 2F 0-2: Ball 1-2: Strikes out swinging
|
Batting: RHB Jeff Page
|
0-0: Swinging Strike 0-1: Fly out, F9 (Flyball, 9LS, EV 86.3 MPH)
|
Batting: LHB Rich Hannus
|
0-0: Called Strike 0-1: Ball 1-1: Ground out 4-3 (Groundball, 34D, EV 85.6 MPH)
|
Top of the 2nd over - 0 runs, 0 hits, 0 errors, 0 left on base; Hagerstown 1 - Augusta 0 |
BOTTOM OF THE 2ND |
Augusta GreenJackets batting - Pitching for Hagerstown Suns : RHP Jason Beck
|
Batting: RHB Omar Jordan
|
0-0: Swinging Strike 0-1: Foul Ball, location: 2F 0-2: Foul Ball, location: 2F 0-2: Foul Ball, location: 2F 0-2: Fly out, F9 (Flyball, 9LD, EV 99.4 MPH)
|
Batting: RHB Doug Kennie
|
0-0: Ball 1-0: Ball 2-0: Swinging Strike 2-1: Foul Ball, location: 2F 2-2: Foul Ball, location: 2F 2-2: Foul Ball, location: 2F 2-2: Ball 3-2: Base on Balls
|
Batting: RHB Davey Beeson
|
0-0: Ball 1-0: Ball 2-0: Ball 3-0: Called Strike 3-1: Fly out, F8 (Flyball, 8RXD, EV 78.8 MPH)
|
Batting: RHB Micah McErlean
|
0-0: Ball 1-0: Swinging Strike 1-1: Swinging Strike 1-2: Foul Ball, location: 2F 1-2: DOUBLE (Line Drive, 78M, EV 94.4 MPH) Doug Kennie to third Runner from 3rd tries for Home, throw by LF and OUT! 7-6-2
|
Bottom of the 2nd over - 0 runs, 1 hit, 0 errors, 1 left on base; Hagerstown 1 - Augusta 0 |
TOP OF THE 3RD |
Hagerstown Suns batting - Pitching for Augusta GreenJackets : LHP Travis Stichter
|
Batting: RHB Scott Skoglund
|
0-0: Ball 1-0: Ball 2-0: Ball 3-0: Base on Balls
|
Batting: RHB Pat Drader
|
0-0: Called Strike 0-1: Ball 1-1: Fly out, F3 (Line Drive, 3, EV 70.0 MPH) Lined into DP, U3 (Line Drive, 3, EV 73.1 MPH)
|
Batting: RHB Jon Metzler
|
0-0: Ball 1-0: Foul Ball, location: 2F 1-1: Swinging Strike 1-2: Strikes out looking
|
Top of the 3rd over - 0 runs, 0 hits, 0 errors, 0 left on base; Hagerstown 1 - Augusta 0 |
BOTTOM OF THE 3RD |
Augusta GreenJackets batting - Pitching for Hagerstown Suns : RHP Jason Beck
|
Batting: RHB Ryan Johnston
|
0-0: Ball 1-0: Ground out 5-3 (Groundball, 56, EV 103.1 MPH)
|
Batting: RHB Mike Buchanan
|
0-0: Fly out, F1 (Line Drive, P, EV 62.5 MPH)
|
Batting: RHB Ian Richardson
|
0-0: Called Strike 0-1: Foul Ball, location: 2F 0-2: Strikes out swinging
|
Bottom of the 3rd over - 0 runs, 0 hits, 0 errors, 0 left on base; Hagerstown 1 - Augusta 0 |
TOP OF THE 4TH |
Hagerstown Suns batting - Pitching for Augusta GreenJackets : LHP Travis Stichter
|
Batting: RHB Kevin Wick
|
0-0: Ball 1-0: Called Strike 1-1: Called Strike 1-2: Strikes out looking
|
Batting: RHB Josh Courtney
|
0-0: Foul Ball, location: 2F 0-1: Called Strike 0-2: Foul Ball, location: 2F 0-2: Fly out, F9 (Flyball, 9S, EV 75.0 MPH)
|
Batting: LHB Yoshiya Kurokawa
|
0-0: Called Strike 0-1: Ground out 4-3 (Groundball, 4S, EV 80.0 MPH)
|
Top of the 4th over - 0 runs, 0 hits, 0 errors, 0 left on base; Hagerstown 1 - Augusta 0 |
BOTTOM OF THE 4TH |
Augusta GreenJackets batting - Pitching for Hagerstown Suns : RHP Jason Beck
|
Batting: LHB Kevin Kantor
|
0-0: Ground out 6-3 (Groundball, 6, EV 101.3 MPH)
|
Batting: LHB Gabe Velez
|
0-0: Ball 1-0: Ball 2-0: Ball 3-0: Base on Balls
|
Batting: RHB Omar Jordan
|
0-0: Ball 1-0: Called Strike 1-1: Fly out, F9 (Line Drive, 9, EV 93.1 MPH)
|
Batting: RHB Doug Kennie
|
0-0: Ball 1-0: Called Strike 1-1: Ball 2-1: Ball 3-1: Fly out, F9 (Flyball, 9LS, EV 88.1 MPH)
|
Bottom of the 4th over - 0 runs, 0 hits, 0 errors, 1 left on base; Hagerstown 1 - Augusta 0 |
TOP OF THE 5TH |
Hagerstown Suns batting - Pitching for Augusta GreenJackets : LHP Travis Stichter
|
Batting: RHB Joe Young
|
0-0: Called Strike 0-1: Ball 1-1: Ball 2-1: Ball 3-1: Base on Balls
|
Batting: RHB Jeff Page
|
0-0: Called Strike 0-1: Ball 1-1: Grounds into double play, 4-6-3 (Groundball, 4, EV 105.6 MPH)
|
Batting: LHB Rich Hannus
|
0-0: Ball 1-0: Called Strike 1-1: Foul Ball, location: 2F 1-2: Strikes out swinging
|
Top of the 5th over - 0 runs, 0 hits, 0 errors, 0 left on base; Hagerstown 1 - Augusta 0 |
BOTTOM OF THE 5TH |
Augusta GreenJackets batting - Pitching for Hagerstown Suns : RHP Jason Beck
|
Batting: RHB Davey Beeson
|
0-0: Foul Ball, location: 2F 0-1: Ball 1-1: Swinging Strike 1-2: Ball 2-2: Strikes out looking
|
Batting: RHB Micah McErlean
|
0-0: Called Strike 0-1: Swinging Strike 0-2: Foul Ball, location: 2F 0-2: Foul Ball, location: 2F 0-2: Ball 1-2: Ball 2-2: SINGLE (Groundball, 6MD, EV 98.1 MPH)
|
Batting: RHB Ryan Johnston
|
0-0: Called Strike 0-1: Swinging Strike 0-2: Strikes out looking
|
Batting: RHB Mike Buchanan
|
0-0: SINGLE (Line Drive, 6D, EV 100.0 MPH) Micah McErlean to second
|
Batting: RHB Ian Richardson
|
0-0: Ball 1-0: Called Strike 1-1: Ball 2-1: Foul Ball, location: 2F 2-2: Ball 3-2: Strikes out swinging
|
Bottom of the 5th over - 0 runs, 2 hits, 0 errors, 2 left on base; Hagerstown 1 - Augusta 0 |
TOP OF THE 6TH |
Hagerstown Suns batting - Pitching for Augusta GreenJackets : LHP Travis Stichter
|
Batting: RHB Scott Skoglund
|
0-0: Ball 1-0: Foul Ball, location: 2F 1-1: Foul Ball, location: 2F 1-2: Ground out 5-3 (Groundball, 56S, EV 85.0 MPH)
|
Batting: RHB Pat Drader
|
0-0: Called Strike 0-1: Ball 1-1: Ball 2-1: Ball 3-1: Base on Balls
|
Batting: RHB Jon Metzler
|
0-0: Foul Ball, location: 2F 0-1: Ball Passed Ball! Pat Drader to second 1-1: Foul Ball, location: 2F 1-2: Ground out 6-3 (Groundball, 6, EV 87.5 MPH) Pat Drader to third
|
Batting: RHB Kevin Wick
|
0-0: Ball 1-0: Called Strike 1-1: Called Strike 1-2: Strikes out swinging
|
Top of the 6th over - 0 runs, 0 hits, 0 errors, 1 left on base; Hagerstown 1 - Augusta 0 |
BOTTOM OF THE 6TH |
Augusta GreenJackets batting - Pitching for Hagerstown Suns : RHP Jason Beck
|
Batting: LHB Kevin Kantor
|
0-0: Ball 1-0: Swinging Strike 1-1: Ball 2-1: Ball 3-1: Base on Balls
|
Pitching: RHP Jon Baily
|
|
Batting: LHB Gabe Velez
|
0-0: Ball Kevin Kantor steals 2nd base 1-0: Called Strike 1-1: Called Strike 1-2: Foul Ball, location: 2F 1-2: Strikes out swinging
|
Batting: RHB Omar Jordan
|
0-0: Ball Kevin Kantor steals 3rd base 1-0: Swinging Strike 1-1: Ball 2-1: Swinging Strike 2-2: Strikes out looking
|
Batting: RHB Doug Kennie
|
0-0: Ball 1-0: Called Strike 1-1: Foul Ball, location: 2F 1-2: Strikes out swinging
|
Bottom of the 6th over - 0 runs, 0 hits, 0 errors, 1 left on base; Hagerstown 1 - Augusta 0 |
TOP OF THE 7TH |
Hagerstown Suns batting - Pitching for Augusta GreenJackets : LHP Travis Stichter
|
Batting: RHB Josh Courtney
|
0-0: Ball 1-0: Foul Ball, location: 2F 1-1: Swinging Strike 1-2: Ball 2-2: Foul Ball, location: 2F 2-2: Foul Ball, location: 2F 2-2: Strikes out swinging
|
Pitching: LHP Kyle Worford
|
|
Batting: LHB Yoshiya Kurokawa
|
0-0: Ball 1-0: Called Strike 1-1: Foul Ball, location: 2F 1-2: Hit by Pitch
|
Batting: RHB Joe Young
|
0-0: Ball 1-0: Called Strike 1-1: Swinging Strike 1-2: Ball 2-2: Strikes out swinging
|
Batting: RHB Jeff Page
|
0-0: SINGLE (Groundball, 56D, EV 98.8 MPH) Yoshiya Kurokawa to second
|
Batting: LHB Rich Hannus
|
0-0: Foul Ball, location: 2F 0-1: Ball 1-1: Ball 2-1: Foul Ball, location: 2F 2-2: Ball 3-2: Ground out U3 (Groundball, 3L, EV 76.3 MPH)
|
Top of the 7th over - 0 runs, 1 hit, 0 errors, 2 left on base; Hagerstown 1 - Augusta 0 |
BOTTOM OF THE 7TH |
Augusta GreenJackets batting - Pitching for Hagerstown Suns : RHP Jon Baily
|
Pitching: RHP Gilberto Ricalde
|
|
Batting: RHB Davey Beeson
|
0-0: Ball 1-0: Ball 2-0: Called Strike 2-1: SINGLE (Groundball, 6M, EV 85.6 MPH) (infield hit)
|
Batting: RHB Micah McErlean
|
0-0: SINGLE (Groundball, 6, EV 99.4 MPH) Davey Beeson to second
|
Pinch Hitting: RHB Drew Duncan
|
0-0: Called Strike 0-1: Ball 1-1: Called Strike 1-2: Ball 2-2: Reached on error, E2 (Groundball, 15S, EV 61.9 MPH) Davey Beeson scores Micah McErlean to third
|
Batting: RHB Mike Buchanan
|
0-0: Called Strike 0-1: Ball 1-1: Ball 2-1: SINGLE (Groundball, 4D, EV 95.0 MPH) Micah McErlean scores Drew Duncan to third
|
Batting: RHB Ian Richardson
|
0-0: Called Strike 0-1: Ball 1-1: Called Strike 1-2: Strikes out looking Mike Buchanan steals 2nd base Batter strikes out.
|
Batting: LHB Kevin Kantor
|
0-0: Ball 1-0: Ball 2-0: Swinging Strike 2-1: Ball 3-1: Called Strike 3-2: Foul Ball, location: 2F 3-2: Ground out 5-3 (Groundball, 5, EV 78.8 MPH)
|
Batting: LHB Gabe Velez
|
0-0: Ball 1-0: Ball 2-0: Ball 3-0: Called Strike 3-1: Called Strike 3-2: Foul Ball, location: 2F 3-2: Strikes out swinging
|
Bottom of the 7th over - 2 runs, 3 hits, 1 error, 2 left on base; Hagerstown 1 - Augusta 2 |
TOP OF THE 8TH |
Hagerstown Suns batting - Pitching for Augusta GreenJackets : LHP Kyle Worford
|
Pitching: RHP Ron Riley
|
|
Now at SS: Juan Flores
|
|
Pinch Hitting: LHB Ben Montgomery
|
0-0: Ball 1-0: Ball 2-0: Foul Ball, location: 2F 2-1: Foul Ball, location: 2F 2-2: Foul Ball, location: 2F 2-2: Foul Ball, location: 2F 2-2: Strikes out swinging
|
Batting: RHB Pat Drader
|
0-0: Foul Ball, location: 2F 0-1: Ground out 4-3 (Groundball, 34, EV 89.4 MPH)
|
Batting: RHB Jon Metzler
|
0-0: Ground out 6-3 (Groundball, 6, EV 101.9 MPH)
|
Top of the 8th over - 0 runs, 0 hits, 0 errors, 0 left on base; Hagerstown 1 - Augusta 2 |
BOTTOM OF THE 8TH |
Augusta GreenJackets batting - Pitching for Hagerstown Suns : RHP Gilberto Ricalde
|
Pitching: LHP Kerry Baty
|
|
Now in LF: Rich Hannus
|
|
Now in RF: Ben Montgomery
|
|
Batting: RHB Omar Jordan
|
0-0: Foul Ball, location: 2F 0-1: Ground out 4-3 (Groundball, 4, EV 80.6 MPH)
|
Batting: RHB Doug Kennie
|
0-0: SINGLE (Groundball, 4MD, EV 95.6 MPH)
|
Batting: RHB Davey Beeson
|
0-0: Ball 1-0: Called Strike 1-1: Swinging Strike 1-2: Foul Ball, location: 2F 1-2: Ball 2-2: Ball 3-2: Strikes out swinging
|
Batting: RHB Micah McErlean
|
0-0: Called Strike 0-1: Ground out 4-3 (Groundball, 34, EV 106.3 MPH)
|
Bottom of the 8th over - 0 runs, 1 hit, 0 errors, 1 left on base; Hagerstown 1 - Augusta 2 |
TOP OF THE 9TH |
Hagerstown Suns batting - Pitching for Augusta GreenJackets : RHP Ron Riley
|
Pitching: RHP Nate Heideman
|
|
Batting: RHB Kevin Wick
|
0-0: Foul Ball, location: 2F 0-1: Called Strike 0-2: Foul Ball, location: 2F 0-2: Ball 1-2: Strikes out swinging
|
Batting: RHB Josh Courtney
|
0-0: Ball 1-0: Swinging Strike 1-1: Swinging Strike 1-2: Foul Ball, location: 2F 1-2: Strikes out swinging
|
Batting: LHB Yoshiya Kurokawa
|
0-0: Called Strike 0-1: Foul Ball, location: 2F 0-2: Ball 1-2: Strikes out swinging, 2-3 out at first.
|
Top of the 9th over - 0 runs, 0 hits, 0 errors, 0 left on base; Hagerstown 1 - Augusta 2 |
|